 Dungeon Crawl Stone Soup version 0.25-a0-161-gb7fd73da8f (webtiles) character file.

Game seed: 5979425257999432565, levelgen mode: deterministic

561 Leeroy the Slasher (level 7, -2/57 HPs)
             Began as a Grey Draconian Skald on Nov 21, 2019.
             Was a Follower of Okawaru.
             Slain by an ogre
             ... wielding a +0 giant club
              (8 damage)
             ... on level 5 of the Dungeon.
             The game lasted 00:10:22 (4159 turns).

Leeroy the Slasher (Grey Draconian Skald)           Turns: 4159, Time: 00:10:23

Health: -2/57      AC: 12    Str: 13    XL:     7   Next: 9%
Magic:  9/10       EV: 14    Int: 14    God:    Okawaru [*.....]
Gold:   215        SH:  0    Dex: 12    Spells: 1/10 levels left

rFire    . . .     SeeInvis .   o - +5 hand axe
rCold    . . .     Gourm    .   (no shield)
rNeg     . . .     Faith    .   (armour unavailable)
rPois    .         Spirit   .   (helmet restricted)
rElec    .         Reflect  .   (no cloak)
rCorr    .         Harm     .   k - +0 pair of gloves
MR       .....                  (no boots)
Stlth    +.........             (no amulet)
HPRegen  0.19/turn              (no ring)
MPRegen  0.12/turn              (no ring)

@: no status effects
A: walk through water, unfitting armour, unbreathing, cold-blooded, AC +11
a: Heroism, Renounce Religion


You were on level 5 of the Dungeon.
You worshipped Okawaru.
Okawaru was aware of your devotion.
You were not hungry.

You visited 1 branch of the dungeon, and saw 5 of its levels.

You collected 215 gold pieces.

Inventory:

Hand Weapons
 a - a +0 falchion
 j - a +0 rapier
 n - a +1 whip of venom
 o - a +5 hand axe (weapon)
Missiles
 b - 2 throwing nets (quivered)
 u - 4 poisoned darts
Armour
 k - a +0 pair of gloves (worn)
 v - a +0 pair of gloves
Jewellery
 s - an uncursed amulet of guardian spirit {unknown}
 y - an uncursed ring of poison resistance {unknown}
 z - a +2 ring of evasion {unknown}
Wands
 r - a wand of acid (10)
Scrolls
 f - 2 scrolls of teleportation {unknown}
 l - 2 scrolls of identify {unknown}
 m - a scroll of immolation {unknown}
 p - a scroll of amnesia {unknown}
 t - a scroll of random uselessness {unknown}
 x - a scroll of fear {unknown}
Potions
 d - a potion of curing {unknown}
 e - 2 potions of lignification {unknown}
 g - 2 potions of flight {unknown}
 h - a potion of haste {unknown}
 i - 2 potions of might {unknown}
 q - a potion of cancellation {unknown}
 A - a potion of brilliance {unknown}
Comestibles
 c - 2 rations
 w - 5 chunks of flesh


   Skills:
 + Level 3.5 Fighting
 - Level 5.3 Long Blades
 - Level 5.0 Dodging
 - Level 2.0 Spellcasting
 - Level 2.6 Charms
 - Level 0.1 Translocations


You had one spell level left.
You knew the following spells:

 Your Spells              Type           Power        Failure   Level  Hunger
a - Infusion              Chrm           #...         8%          1    ##.....
b - Spectral Weapon       Hex/Chrm       #.......     38%         3    ####...
c - Shroud of Golubria    Chrm/Tloc      #.....       21%         2    ###....
d - Regeneration          Chrm/Necr      #.........   38%         3    ####...

Your spell library contained the following spells:

 Spells                   Type           Power        Failure   Level  Hunger
 Song of Slaying          Chrm           #.......     12%         2    ###....


Dungeon Overview and Level Annotations

Branches:
Dungeon (5/15)
 Temple: D:4-7

Altars:
Elyvilon
Makhleb
Okawaru
Yredelemnul
The Shining One

Shops:
D:5 =

Annotations:
D:3 Grinder
D:4 Edmund


Innate Abilities, Weirdness & Mutations

You can walk through water.
Your dull iron-grey scales are very hard. (AC +11)
You cannot fit into any form of body armour.
You can survive without breathing.
You are cold-blooded and may be slowed by cold attacks.


Message History

You are too injured to fight recklessly!
You slash the ogre!
The ogre is heavily wounded.
The ogre hits you with a +0 giant club.
* * * LOW HITPOINT WARNING * * *
The centaur shoots an arrow.
The arrow hits you!
* * * LOW HITPOINT WARNING * * *
You hit the ogre.
The ogre is heavily wounded.
The centaur shoots an arrow.
The arrow hits you but does no damage. The ogre barely misses you.
You hit the ogre.
The ogre is severely wounded.
The ogre barely misses you.
The centaur shoots an arrow.
The arrow hits you but does no damage.
You hit the ogre.
The ogre is almost dead.
The centaur shoots an arrow.
The arrow hits you but does no damage. The ogre hits you with a +0 giant club!
You die...

#..........#
#..........+
###..........# ##
#............# ..
#.?.........## ..
#.....c......# ..
#.....(O.....# ..
#.....@......#
#.#####(.....#
#......# #......#
####......##########
[....................
..............#######
............##รท# #.
...........###.# ###.


You could see an ogre and a centaur.

Vanquished Creatures
  A water moccasin (D:5)
  A howler monkey (D:5)
  A hound (D:3)
  3 orc wizards
  Jessica (D:3)
  An iguana (D:5)
  A worker ant (D:4)
  A hound skeleton (D:2)
  A howler monkey skeleton (D:4)
  9 adders
  2 oozes
  2 adder zombies (D:2)
  An adder skeleton (D:2)
  2 worms
  2 dart slugs
  3 leopard geckos
  14 orcs
  A bat skeleton (D:2)
  A bat zombie (D:2)
  4 giant cockroaches
  A goblin (D:2)
  4 hobgoblins (D:1)
  8 jackals (D:1)
  2 ball pythons
  2 ball python zombies (D:2)
  9 bats
  3 frilled lizards
  A giant cockroach zombie (D:2)
  8 kobolds
  A leopard gecko skeleton (D:2)
  A quokka skeleton (D:4)
  2 quokka zombies (D:2)
  7 rats
101 creatures vanquished.

Notes
Turn   | Place    | Note
-------+----------+-------------------------------------------
     0 | D:1      | Leeroy the Draconian Skald began the quest for the Orb.
     0 | D:1      | Reached XP level 1. HP: 17/17 MP: 3/3
   316 | D:1      | Reached XP level 2. HP: 23/24 MP: 5/5
   543 | D:1      | Reached XP level 3. HP: 16/29 MP: 6/6
   939 | D:1      | Learned a level 3 spell: Spectral Weapon
   942 | D:1      | Learned a level 2 spell: Shroud of Golubria
  1418 | D:2      | Reached XP level 4. HP: 18/36 MP: 3/7
  2173 | D:2      | Found a white marble altar of Elyvilon.
  2242 | D:2      | Found an iron altar of Okawaru.
  2249 | D:2      | Became a worshipper of Warmaster Okawaru
  2255 | D:2      | Reached skill level 5 in Long Blades
  2305 | D:2      | Found a basalt altar of Yredelemnul.
  2358 | D:1      | Reached XP level 5. HP: 29/41 MP: 8/8
  2576 | D:2      | Found a glowing golden altar of the Shining One.
  2711 | D:3      | Noticed Jessica
  2721 | D:3      | Killed Jessica
  2815 | D:3      | Found a burning altar of Makhleb.
  2835 | D:3      | Noticed Grinder
  2844 | D:3      | Paralysed by Grinder for 6 turns
  3261 | D:3      | Reached XP level 6. HP: 39/48 MP: 9/9
  3266 | D:3      | Learned a level 3 spell: Regeneration
  3340 | D:4      | Reached * piety under Okawaru
  3692 | D:4      | Noticed Edmund
  3769 | D:5      | Entered Level 5 of the Dungeon
  3769 | D:5      | Noticed a water moccasin
  3782 | D:5      | Killed a water moccasin
  3782 | D:5      | Reached skill level 5 in Dodging
  4034 | D:5      | Found Qaskoos's Jewellery Emporium.
  4136 | D:5      | Your scales start taking on a dull iron-grey colour.
  4136 | D:5      | Reached XP level 7. HP: 57/57 MP: 6/10
  4136 | D:5      | Gained mutation: You can survive without breathing. [Grey
                  | Draconian growth]
  4159 | D:5      | Slain by an ogre

Levels and vault maps discovered:
D:1:      tarquinn_simple_flora_water_a, layout_basic, minivault_24,
          supply_closet_lemuel, st_stairs_1
D:2:      layout_basic, tso_altar, overflow_temple_1_default,
          chequers_temple_overflow_statue_of_worship, serial_undead,
          serial_undead_b, serial_undead_c, serial_undead_d, serial_undead_c,
          serial_undead_d, serial_undead_e, serial_undead_a, serial_undead_d,
          serial_undead_d, serial_undead_d
D:3:      layout_rooms, glass_columns_a, makhleb_heckhound_becter, uniq_jessica,
          uniq_grinder
D:4:      layout_cave_pools, lemuel_round_altar, minmay_cupped, uniq_edmund
D:5:      lemuel_castle_with_subvaults [lemuel_castle_interior_carwin_2],
          layout_basic, kennysheep_mini_moat, serial_shops, nicolae_shop_trees,
          first_ration

Skill      XL: |  1  2  3  4  5  6 |
---------------+-------------------+-----
Long Blades    | 3 4 5 |  5.3
Dodging        | 3 5 |  5.0
Fighting       | 3 |  3.5
Spellcasting   | |  2.0
Charms         | |  2.6
Translocations | |  0.1

Action                   |  1- 3 |  4- 6 |  7- 9 || total
-------------------------+-------+-------+-------++-------
Melee: Falchion          |   139 |    31 |       ||   170
       Tailslap          |    14 |    17 |     1 ||    32
       Rapier            |       |    51 |       ||    51
       Hand axe          |       |   124 |     9 ||   133
 Cast: Shroud of Golubri |     5 |     8 |       ||    13
       Spectral Weapon   |       |     3 |       ||     3
  Use: Scroll            |       |     1 |       ||     1
 Stab: Sleeping          |       |     1 |       ||     1
  Eat: Chunk             |     1 |     8 |       ||     9
       Ration            |       |     1 |       ||     1
Armor: Skin              |    60 |    75 |     7 ||   142
Dodge: Dodged            |   127 |   179 |     7 ||   313
       Rpst.: Falchion   |    29 |     4 |       ||    33

Table legend:
 A = Non-vault XP
 B = Vault XP
 C = Vault XP percentage of total XP
 D = Non-vault monster count
 E = Vault monster count
 F = Vault count percentage of total count
                 A         B        C        D         E       F
            +---------+---------+-------+---------+---------+-------
      Total |     673 |     129 |  16.1 |      85 |      16 |  15.8
            +---------+---------+-------+---------+---------+-------
        D:1 |     117 |       4 |   3.3 |      31 |       2 |   6.1
        D:2 |      64 |      45 |  41.3 |      15 |      12 |  44.4
        D:3 |      71 |      80 |  53.0 |      19 |       2 |   9.5
        D:4 |     106 |       0 |   0.0 |       8 |       0 |   0.0
        D:5 |     315 |       0 |   0.0 |      12 |       0 |   0.0
            +---------+---------+-------+---------+---------+-------
